 Dungeon Crawl Stone Soup version 0.28-a0-1235-g7c8fac35f0 (webtiles) character file.

Game seed: 1627403856417747861

150 ChaosChampion the Skirmisher (level 5, -3/54 HPs)
             Began as an Ogre Warper on Dec 25, 2021.
             Slain by a bullfrog skeleton (6 damage)
             ... on level 3 of the Dungeon.
             The game lasted 00:01:41 (2539 turns).

ChaosChampion the Skirmisher (Ogre Warper)          Turns: 2539, Time: 00:01:41

Health: -3/54      AC:  3    Str: 17    XL:     5   Next: 32%
Magic:  10/10      EV:  9    Int: 14    God:
Gold:   66         SH:  0    Dex:  8    Spells: 11/11 levels left

rFire   . . .      SeeInvis .   a - +0 mace
rCold   . . .      Faith    .   (no shield)
rNeg    . . .      Spirit   .   b - +0 robe
rPois   .          Reflect  .   (helmet restricted)
rElec   .          Harm     .   (no cloak)
rCorr   .          Rampage  .   (gloves unavailable)
Will    .....                   (boots unavailable)
Stlth   +.........              (no amulet)
HPRegen 0.18/turn               (no ring)
MPRegen 0.12/turn               (no ring)

@: no status effects
A: large, unfitting armour, tough skin 1
a: no special abilities


You were on level 3 of the Dungeon.
You visited 1 branch of the dungeon, and saw 3 of its levels.

You collected 66 gold pieces.

Inventory:

Hand Weapons
 a - a +0 mace (weapon)
Missiles
 d - 5 boomerangs of dispersal (quivered)
Armour
 b - a +0 robe (worn)
Scrolls
 c - a scroll of blinking
 e - a scroll of vulnerability {unknown}
 f - a scroll of noise {unknown}
 g - a scroll of silence {unknown}
 i - a scroll of identify {unknown}
 l - a scroll of torment {unknown}
 m - a scroll of acquirement {unknown}
Potions
 h - a potion of resistance {unknown}
 j - a potion of curing {unknown}
 k - a potion of haste {unknown}


   Skills:
 + Level 4.2 Fighting
 + Level 2.8 Maces & Flails
 - Level 1.0 Throwing
 - Level 2.1 Dodging
 + Level 3.6 Spellcasting
 + Level 3.5 Translocations


You had 11 spell levels left.
You didn't know any spells.
Your spell library contained the following spells:

 Spells                   Type           Power      Damage    Failure   Level
 Blink                    Tloc           24%        N/A       8%          2
 Gell's Gravitas          Tloc           12%        N/A       14%         3
 Lesser Beckoning         Tloc           12%        N/A       14%         3
 Teleport Other           Tloc           12%        N/A       14%         3
 Manifold Assault         Tloc           12%        N/A       80%         5


Dungeon Overview and Level Annotations

Branches:
Dungeon (3/15)

Altars:
Gozag

Shops:
D:2 :


Innate Abilities, Weirdness & Mutations

You are too large for most types of armour.
You have tough skin. (AC +1)


Message History

The orc is severely wounded.
The orc hits you but does no damage.
You hit the orc.
You kill the orc!
You hit the bullfrog skeleton.
The bullfrog skeleton is heavily damaged.
The bullfrog skeleton hits you.
You sock the hobgoblin!
You kill the hobgoblin!
You hit the bullfrog skeleton.
The bullfrog skeleton is heavily damaged.
You hear the slow rusting of a drain very nearby.
The bullfrog skeleton hits you.
* * * LOW HITPOINT WARNING * * *
The bullfrog skeleton hits you.
* * * LOW HITPOINT WARNING * * *
You hit the bullfrog skeleton.
The bullfrog skeleton is heavily damaged.
The bullfrog skeleton hits you but does no damage.
The bullfrog skeleton hits you.
* * * LOW HITPOINT WARNING * * *
You hit the bullfrog skeleton.
The bullfrog skeleton is severely damaged.
The bullfrog skeleton hits you.
* * * LOW HITPOINT WARNING * * *
You hit the bullfrog skeleton.
The bullfrog skeleton is almost destroyed.
The bullfrog skeleton closely misses you.
The bullfrog skeleton hits you but does no damage.
You hit the bullfrog skeleton.
The bullfrog skeleton is almost destroyed.
The bullfrog skeleton hits you but does no damage.
The bullfrog skeleton hits you.
* * * LOW HITPOINT WARNING * * *
You barely miss the bullfrog skeleton.
The bullfrog skeleton is almost destroyed.
The bullfrog skeleton hits you.
* * * LOW HITPOINT WARNING * * *
The bullfrog skeleton hits you.
You die...

##.## ##.. .. ..... #...
#.# #>#.##...# #..
###.o....#.#
###.###.......##.#####
##.....##......#.......
#.8...8.#..............
##.......###..#.###.....
....._.@Z).#.##..##.....
.#.......#...#..........
#.8...8.#..##..###.....
##.....##..............
###.###..#.##.###.....
... #....##.# #.....
.... .....###.# #.####
..........# ..##.. #.
........# .... ...


You could see a bullfrog skeleton.

Vanquished Creatures
  A necrophage (D:2)
  2 adders (D:2)
  A worm (D:2)
  A dart slug (D:1)
  An orc (D:3)
  4 endoplasms
  A giant cockroach (D:1)
  5 goblins (D:2)
  5 hobgoblins
  A jackal (D:2)
  3 ball pythons
  A bat (D:1)
  3 frilled lizards
  5 kobolds
  6 rats
40 creatures vanquished.

Notes
Turn   | Place    | Note
-------+----------+-------------------------------------------
     0 | D:1      | ChaosChampion the Ogre Warper began the quest for the Orb.
     0 | D:1      | Reached XP level 1. HP: 22/22 MP: 3/3
   292 | D:1      | Reached skill level 3 in Fighting
   292 | D:1      | Reached XP level 2. HP: 30/31 MP: 5/5
   824 | D:2      | Noticed a necrophage
   835 | D:2      | Killed a necrophage
   836 | D:2      | Reached skill level 4 in Fighting
   836 | D:2      | Reached XP level 3. HP: 21/39 MP: 5/7
   836 | D:2      | Reached XP level 4. HP: 26/48 MP: 6/9
  1304 | D:2      | Reached XP level 5. HP: 16/54 MP: 10/10
  2128 | D:2      | Found Teizenga's Book Boutique.
  2526 | D:3      | Found an opulent altar of Gozag.
  2539 | D:3      | Slain by a bullfrog skeleton

Illustrated notes

Levels and vault maps discovered:
D:1:      dpeg_arrival_arbitrary_a, layout_rooms, amethyst_killhole
D:2:      kennysheep_six_static_rooms, layout_loops_ring, serial_shops,
          nicolae_shop_advertising_works [nicolae_subvault_shop_adworks]
D:3:      layout_rooms, grunt_gozag_statues, lemuel_crystal_altar,
          shapermc_ecumenical_altar_petra, portal_sewer_entry_c, uniq_natasha

Skill      XL: |  1  2 |
---------------+-------+-----
Fighting       | 3 4 |  4.2
Maces & Flails | 2 |  2.8
Spellcasting   | 3 |  3.6
Translocations | 3 |  3.5
Throwing       | |  1.0
Dodging        | |  2.1

Action                   |  1- 3 |  4- 6 || total
-------------------------+-------+-------++-------
Melee: Mace              |    54 |    82 ||   136
Armor: Robe              |    17 |    27 ||    44
Dodge: Dodged            |    23 |    38 ||    61

Table legend: (Time is in decaauts)
 A = Elapsed time spent in this place.
 B = Non-inter-level travel time spent in this place.
 C = Inter-level travel time spent in this place.
 D = Time resting spent in this place.
 E = Time spent auto-exploring this place.
 F = Levels seen in this place.
 G = Mean time per level.
                   A        B        C        D        E       F      G
               +--------+--------+--------+--------+--------+-----+--------+
         Total |   2576 |   2537 |     39 |    546 |   1656 |   3 |  858.7 |
       Dungeon |   2576 |   2537 |     39 |    546 |   1656 |   3 |  858.7 |
               +--------+--------+--------+--------+--------+-----+--------+

Top non-repeatable levels by time:
     D:2: 1692 daAuts
     D:1: 827 daAuts
     D:3: 56 daAuts
